 Dungeon Crawl Stone Soup version 0.31.0-11-ge490571c62 (webtiles) character file.

Game seed: 3203037895547113740

357 qw the Shooter (level 6, 0/32 HPs)
             Began as a Spriggan Hunter on Feb 4, 2024.
             Slain by Grinder (3 damage)
             ... on level 4 of the Dungeon.
             The game lasted 00:00:10 (2552 turns).

qw the Shooter (Spriggan Hunter)                    Turns: 2552, Time: 00:00:10

Health: 0/32       AC:  5    Str:  7    XL:     6   Next: 37%
Magic:  7/7        EV: 20    Int: 10    God:
Gold:   136        SH:  0    Dex: 21    Spells: 5/5 levels left

rFire   . . .        a - +0 shortbow
rCold   . . .        (shield currently unavailable)
rNeg    . . .        f - +1 robe {Will+}
rPois   .            (helmet restricted)
rElec   .            i - +1 cloak
rCorr   .            (gloves unavailable)
SInv    +            (boots unavailable)
Will    ++...        (no amulet)
Stlth   ++           (no ring)
HPRegen 0.25/turn    (no ring)
MPRegen 0.10/turn

%: no passive effects
@: very quick
A: very small, no large weapons, unfitting armour, see invisible, speed 3
a: no special abilities


You were on level 4 of the Dungeon.
You visited 1 branch of the dungeon, and saw 4 of its levels.

You collected 193 gold pieces.
You spent 57 gold pieces at shops.


Innate Abilities, Weirdness & Mutations

You are very small and have problems with some larger weapons.
You are too small for most types of armour.
You have supernaturally acute eyesight. (SInv)
You cover ground extremely quickly. (Speed+++)


   Skills:
 - Level 3.6 Fighting
 + Level 5.7 Ranged Weapons
 - Level 5.0 Dodging
 - Level 1.5 Stealth


You had 5 spell levels left.
You didn't know any spells.
Your spell library was empty.

Inventory:

Hand Weapons
 a - a +0 shortbow (weapon)
Armour
 f - a +1 robe of willpower (worn)
 i - a +1 cloak (worn)
Jewellery
 h - a ring of fire
Potions
 d - 2 potions of curing
 g - a potion of resistance

Dungeon Overview and Level Annotations

Branches:
Dungeon (4/15)
 Temple: D:4-7

Altars:
Yredelemnul

Shops:
D:2 *   D:3 :(*

Annotations:
D:4 Grinder


Message History

You shoot an arrow. The arrow hits the hobgoblin.
The hobgoblin is heavily wounded.
The hobgoblin misses you.
You shoot an arrow. The arrow hits the hobgoblin.
You kill the hobgoblin!
Grinder hits you!
You writhe in agony.
You shoot an arrow. The arrow hits Grinder.
Grinder is heavily wounded.
Grinder hits you but does no damage.
You shoot an arrow. The arrow hits Grinder.
Grinder is heavily wounded.
Grinder hits you.
You writhe in agony.
You shoot an arrow. The arrow hits Grinder.
Grinder is heavily wounded.
Grinder barely misses you. x2
You shoot an arrow. The arrow hits Grinder!
Grinder is severely wounded.
Grinder hits you.
You writhe in agony.
You shoot an arrow. The arrow hits Grinder.
Grinder is almost dead.
Grinder closely misses you.
You shoot an arrow. The arrow hits Grinder.
Grinder is almost dead.
Grinder blinks!
2543 ||| FLEEEEING.
You start resting.
Grinder is nearby!
2545 ||| FLEEEEING.
You start resting.
Grinder is nearby!
You shoot an arrow. The arrow closely misses Grinder.
You shoot an arrow. The arrow hits Grinder.
Grinder is almost dead.
Grinder gestures at you. Pain shoots through your body!
You shoot an arrow. The arrow closely misses Grinder.
You shoot an arrow. The arrow closely misses Grinder.
Grinder hits you.
You writhe in agony.
You die...
Grinder sighs, "Dead already?
I want a refund."

###..........~.
..........#..~..
.5.5.........~..
.............~.
.............~.
........%...#
#.....#
#5....###.
#@........
##...####. #.###
#.# #.# #.# #.#
#<# ###


You could see Grinder.

Vanquished Creatures
  Sigmund (D:3)
  Natasha (twice) (D:3)
  2 scorpion zombies (D:3)
  A hound zombie (D:3)
  2 adders (D:2)
  A ribbon worm (D:2)
  4 dart slugs
  4 orcs (D:3)
  4 endoplasms
  4 giant cockroaches
  5 hobgoblins
  4 ball pythons
  A ball python zombie (D:3)
  4 bats (D:1)
  5 frilled lizards
  6 goblins
  7 kobolds
  4 rats (D:1)
61 creatures vanquished.

Notes
Turn   | Place    | Note
-------+----------+-------------------------------------------
     0 | D:1      | qw the Spriggan Hunter began the quest for the Orb.
     0 | D:1      | Reached XP level 1. HP: 10/10 MP: 2/2
     0 | D:1      | 0 ||| qw: Version: 0.3-a-160-g6735b56
     0 | D:1      | 0 ||| qw: Game counter: 4934
     0 | D:1      | 0 ||| qw: Melee chars always use a shield: true
     0 | D:1      | 0 ||| qw: God list: Okawaru
     0 | D:1      | 0 ||| qw: Allow faded altars: false
     0 | D:1      | 0 ||| qw: Do Orc after clearing Dungeon:15 true
     0 | D:1      | 0 ||| qw: Do second Lair branch before Depths: true
     0 | D:1      | 0 ||| qw: Lair rune preference: random
     0 | D:1      | 0 ||| qw: Goals: Normal
     0 | D:1      | 0 ||| PLANNING D:1-11
    15 | D:1      | Reached skill level 3 in Dodging
    54 | D:1      | Reached XP level 2. HP: 14/14 MP: 3/3
   422 | D:1      | Reached XP level 3. HP: 13/18 MP: 4/4
   627 | D:1      | 627 ||| READING scroll labelled IPOOCU GUBRAX.
   630 | D:1      | 630 ||| READING scroll labelled AHESID SEUSU.
   731 | D:1      | 731 ||| READING scroll labelled SEELUJ REUGIU.
   731 | D:1      | 731 ||| IDENTIFYING sapphire potion
   732 | D:1      | 732 ||| DRINKING 2 green potions.
   733 | D:1      | 733 ||| DROPPING scroll of butterflies.
   840 | D:2      | 840 ||| FLEEEEING.
   842 | D:2      | 842 ||| FLEEEEING.
   844 | D:2      | 844 ||| FLEEEEING.
   846 | D:2      | 846 ||| FLEEEEING.
   848 | D:2      | 848 ||| FLEEEEING.
   850 | D:2      | 850 ||| FLEEEEING.
   851 | D:2      | 851 ||| FLEEEEING.
   853 | D:2      | 853 ||| FLEEEEING.
   855 | D:2      | 855 ||| FLEEEEING.
   946 | D:2      | Found Otwo's General Store.
   964 | D:2      | 964 ||| SHOPLISTING potion of mutation (96 gold, have 81).
   964 | D:2      | 964 ||| SHOPLISTING scroll of acquirement (624 gold, have
                  | 81).
  1106 | D:2      | 1106 ||| FLEEEEING.
  1107 | D:2      | 1107 ||| FLEEEEING.
  1109 | D:2      | 1109 ||| FLEEEEING.
  1111 | D:2      | 1111 ||| FLEEEEING.
  1112 | D:2      | 1112 ||| FLEEEEING.
  1114 | D:2      | 1114 ||| FLEEEEING.
  1116 | D:2      | 1116 ||| FLEEEEING.
  1118 | D:2      | 1118 ||| FLEEEEING.
  1120 | D:2      | 1120 ||| FLEEEEING.
  1122 | D:2      | 1122 ||| FLEEEEING.
  1126 | D:2      | Reached XP level 4. HP: 21/22 MP: 5/5
  1547 | D:2      | 1547 ||| UPGRADING to +0 cloak.
  1552 | D:2      | 1552 ||| DROPPING ring of flight.
  1553 | D:2      | 1553 ||| READING scroll labelled ROGHAP HOMAYT.
  1553 | D:2      | 1553 ||| ENCHANTING +0 cloak.
  1615 | D:3      | Found Vubaggoa's Assorted Antiques.
  1620 | D:3      | 1620 ||| BUYING scroll labelled CUTOKL VESEOJ (19 gold).
  1620 | D:3      | Bought a scroll labelled CUTOKL VESEOJ for 19 gold pieces
  1620 | D:3      | 1620 ||| BUYING scroll of identify (38 gold).
  1620 | D:3      | Bought a scroll of identify for 38 gold pieces
  1620 | D:3      | 1620 ||| SHOPLISTING wooden wand (76 gold, have 45).
  1679 | D:3      | Noticed Sigmund
  1692 | D:3      | HP: 1/22 [Sigmund/+0 scythe (10)]
  1693 | D:3      | 1693 ||| READING scroll of teleportation.
  1839 | D:3      | Found Ejumour's Book Shoppe.
  1881 | D:3      | Noticed Natasha
  1892 | D:3      | Killed Natasha
  2155 | D:3      | Found Adomiym's Weapon Boutique.
  2236 | D:3      | Identified the +5 spear of Ravage {freeze, rPois Will+
                  | Str+3}
  2243 | D:3      | Killed Sigmund
  2244 | D:3      | Reached skill level 3 in Fighting
  2244 | D:3      | Reached XP level 5. HP: 28/28 MP: 6/6
  2362 | D:3      | Reached XP level 6. HP: 27/32 MP: 7/7
  2440 | D:3      | Found a basalt altar of Yredelemnul.
  2453 | D:3      | Noticed Natasha
  2459 | D:3      | Killed Natasha
  2473 | D:3      | 2473 ||| UPGRADING to +1 robe of willpower.
  2483 | D:3      | 2483 ||| DROPPING +0 robe.
  2484 | D:3      | 2484 ||| READING scroll of identify.
  2484 | D:3      | 2484 ||| IDENTIFYING scroll labelled CUTOKL VESEOJ
  2485 | D:3      | 2485 ||| READING scroll labelled LEUTEO WATAGHE.
  2486 | D:3      | 2486 ||| DROPPING scroll of noise.
  2525 | D:4      | Noticed Grinder
  2543 | D:4      | 2543 ||| FLEEEEING.
  2545 | D:4      | 2545 ||| FLEEEEING.
  2552 | D:4      | HP: 3/32 [Grinder (6)]
  2552 | D:4      | Slain by Grinder

Levels and vault maps discovered:
D:1:      dpeg_arrival_tiny_b, layout_basic, st_stairs_9
D:2:      layout_basic, serial_shops, nicolae_shop_getting_attention
D:3:      layout_loops_ring, nicolae_yredelemnul_corpse_copse, serial_shops,
          shop, shop, nicolae_shop_hallway_plus, uniq_natasha, uniq_sigmund
D:4:      layout_basic, lemuel_doored_altar, minmay_temple_entry_water_ring,
          uniq_crazy_yiuf_cottage, uniq_grinder

Skill      XL: |  1  2  3  4 |
---------------+-------------+-----
Dodging        | 3 4 5 |  5.0
Ranged Weapons | 5 |  5.7
Fighting       | 3 |  3.6
Stealth        | |  1.5

Action                     |  1- 3 |  4- 6 || total
---------------------------+-------+-------++-------
   Fire: Shortbow          |   115 |   139 ||   254
    Use: Scroll            |     3 |     4 ||     7
         Potion            |     1 |       ||     1
 Armour: Robe              |    22 |    27 ||    49
  Dodge: Dodged            |    73 |    61 ||   134

Table legend:
 A = Non-vault XP
 B = Vault XP
 C = Vault XP percentage of total XP
 D = Non-vault monster count
 E = Vault monster count
 F = Vault count percentage of total count
                 A         B        C        D         E       F
            +---------+---------+-------+---------+---------+-------
      Total |     160 |     351 |  68.7 |      52 |       9 |  14.8
            +---------+---------+-------+---------+---------+-------
        D:1 |      44 |       4 |   8.3 |      26 |       3 |  10.3
        D:2 |      53 |       0 |   0.0 |      13 |       0 |   0.0
        D:3 |      59 |     347 |  85.5 |      11 |       6 |  35.3
        D:4 |       4 |       0 |   0.0 |       2 |       0 |   0.0
            +---------+---------+-------+---------+---------+-------
